 Dungeon Crawl Stone Soup version 0.29.1-15-g9cfb28693d (webtiles) character file.

Game seed: 5358168927255441126

2806 Eitelfritz the Sneak (level 9, -4/68 HPs)
             Began as a Demonspawn Brigand on Apr 25, 2023.
             Was a Follower of Dithmenos.
             Killed from afar by an electric eel (11 damage)
             ... with a bolt of electricity
             ... on level 7 of the Dungeon.
             The game lasted 00:21:14 (9664 turns).

Eitelfritz the Sneak (Demonspawn Brigand)           Turns: 9664, Time: 00:21:15

Health: -4/68      AC: 13    Str: 12    XL:     9   Next: 44%
Magic:  9/9        EV: 19    Int: 13    God:    Dithmenos [*.....]
Gold:   325        SH:  0    Dex: 18    Spells: 8/8 levels left

rFire   + . .      SeeInvis .   a - +2 dagger (elec)
rCold   . . .      Faith    .   (no shield)
rNeg    . . .      Spirit   .   n - +2 leather armour {rF+}
rPois   +          Reflect  .   r - +0 helmet
rElec   .          Harm     .   c - +1 cloak
rCorr   .          Rampage  .   (no gloves)
Will    .....                   y - +0 pair of boots
Stlth   ++++......              (no amulet)
HPRegen 0.21/turn               w - ring of poison resistance
MPRegen 0.11/turn               u - ring of flight

@: agile, flying, wreathed by umbra
A: hooves 2, yellow scales 2, powered by pain 1, demonic magic 2, corrupting
presence 1
a: Renounce Religion


You were on level 7 of the Dungeon.
You worshipped Dithmenos.
Dithmenos was aware of your devotion.
You visited 2 branches of the dungeon, and saw 8 of its levels.
You also visited: Sewer and Ossuary.

You collected 325 gold pieces.

Inventory:

Hand Weapons
 a - a +2 dagger of electrocution (weapon)
 b - a +5 short sword
 p - a +2 dagger
 s - a +0 sling
Missiles
 d - 17 poisoned darts (quivered)
 e - 3 curare-tipped darts
Armour
 c - a +1 cloak (worn)
 f - a scarf of harm
 n - a +2 leather armour of fire resistance (worn)
 r - a +0 helmet (worn)
 t - a +0 robe
 y - a +0 pair of boots (worn)
Jewellery
 u - a ring of flight (right hand)
 w - a ring of poison resistance (left hand)
 G - an amulet of faith
 L - a ring of protection from cold
Wands
 z - a wand of quicksilver (12)
 D - a wand of paralysis (5)
 E - a wand of digging (1)
Scrolls
 i - 2 scrolls of amnesia
 k - 3 scrolls of teleportation
 l - 2 scrolls of blinking
 m - 3 scrolls of identify
 v - 2 scrolls of poison
 A - 6 scrolls of fear
 H - a scroll of fog {unknown}
 I - a scroll of magic mapping {unknown}
 K - 2 scrolls of enchant armour
Potions
 g - 2 potions of curing
 h - 2 potions of invisibility
 j - 3 potions of lignification
 o - a potion of flight
 q - 2 potions of might
 B - a potion of mutation
 C - a potion of haste
 F - a potion of attraction
 J - 2 potions of berserk rage


   Skills:
 + Level 5.2 Fighting
 + Level 6.7 Short Blades
 + Level 1.7 Throwing
 + Level 3.8 Armour
 + Level 5.0 Dodging
 + Level 7.7 Stealth


You had 8 spell levels left.
You didn't know any spells.
Your spell library contained the following spells:

 Spells                   Type           Power      Damage    Failure   Level
 Shock                    Conj/Air       0%         1d3       36%         1
 Swiftness                Air            0%         N/A       75%         3
 Airstrike                Air            0%         2d(0-16)  98%         4


Dungeon Overview and Level Annotations

Branches:
Dungeon (7/15)             Temple (1/1) D:6           Sewer (visited)
Ossuary (visited)

Altars:
Ashenzari
Cheibriados
Dithmenos
Fedhas
Hepliaklqana
Kikubaaqudgha
Nemelex Xobeh
Okawaru
Ru
Sif Muna
Wu Jian
Xom
Yredelemnul


Innate Abilities, Weirdness & Mutations

You have hoof-like feet.
You are mostly covered in yellow scales. (AC +3)
You sometimes gain a little power by taking damage.
Spells you cast may paralyse nearby enemies.
Your presence sometimes corrodes those you injure.


Message History

An electric eel comes into view.
Found a potion of flight.
There is an open door here.
Found a scroll of enchant weapon.
An electric eel comes into view.
Found an iron ring.
The electric eel shoots out a bolt of lightning at you!
The bolt of electricity hits you.
An electric eel comes into view.
The electric eel shoots out a bolt of lightning at you!
The bolt of electricity hits you!
You hit the electric eel.
The electric eel is moderately wounded.
You hit the electric eel.
The electric eel is heavily wounded.
The electric eel shoots out a bolt of lightning at you!
The bolt of electricity hits you.
You hit the electric eel.
The electric eel is severely wounded.
The electric eel shoots out a bolt of lightning at you!
The bolt of electricity hits you!
You focus on the pain.
You feel agile all of a sudden.
You barely miss the electric eel.
The electric eel is severely wounded.
You hit the electric eel.
You kill the electric eel!
Dithmenos accepts your kill.
The electric eel shoots out a bolt of lightning at you!
The bolt of electricity misses you.
Your Dodging skill increases to level 5!
The electric eel shoots out a bolt of lightning at you!
The bolt of electricity hits you! x2
* * * LOW HITPOINT WARNING * * *
The bolt of electricity hits the electric eel.
The electric eel completely resists.
The electric eel shoots out a bolt of lightning at you!
The bolt of electricity hits you!
* * * LOW HITPOINT WARNING * * *
The bolt of electricity hits you!
You die...

##....###............
#....'.#..........=.
#....'.'..!......... .
##....###..............
##.#######....#...#...#
#~## ##~##~.###?## .##
#~~####~~##~~.#≈≈≈#≈~≈#~
~~~##~~≈~~##~~~~≈≈.≈≈≈.~
~~~#~~~~≈~~##.#~@S~~~~~~
~~~#~~~≈~≈~~##..#.~~~~~~
≈~~~~≈~~≈≈≈≈~##.##P.....
≈≈~~≈≈≈~~≈≈≈~~##. ...#..
~†≈≈≈≈#.~~~~~≈~## ...#.
~≈≈≈~~#P.~~~~.≈≈## #....
~~~~~~#P..~~†.~≈≈## P#P.
~~~#~~#.######.~~≈## #.P
~~~#~~#.#....#.†P≈≈#


You could see an electric eel.

Vanquished Creatures
  Eustachio (D:4)
  Menkaure (D:6)
  A water moccasin (D:6)
  A sky beast (D:6)
  4 black bears
  A centaur (D:5)
  2 phantoms
  An elf zombie (Ossuary)
  Blork the orc (D:5)
  2 necrophages
  3 scorpions
  7 killer bees (D:7)
  3 electric eels (D:7)
  A human zombie (Ossuary)
  A hound (D:6)
  2 gnoll boudas
  4 orc priests
  A jelly (D:6)
  Jessica (D:2)
  An iguana (D:4)
  Ijyb (D:5)
  3 orc wizards
  Robin (D:2)
  2 mummies (Ossuary)
  8 gnolls (D:6)
  14 adders
  5 river rats
  A white imp (D:5)
  An ufetubus (D:5)
  3 worms
  3 dart slugs
  29 orcs
  11 ball pythons
  8 bats
  2 bat zombies (D:3)
  6 endoplasms
  3 giant cockroaches
  18 goblins
  6 hobgoblins
  2 quokkas
  5 frilled lizards
  A goblin zombie (Ossuary)
  13 hobgoblin zombies (Ossuary)
  2 jackal zombies (Ossuary)
  8 kobolds
  8 kobold zombies (Ossuary)
  10 orc zombies (Ossuary)
  15 rats
  5 rat zombies
233 creatures vanquished.

Vanquished Creatures (others)
  5 plants
  4 toadstools (D:1)
9 creatures vanquished.

Grand Total: 242 creatures vanquished

Notes
Turn   | Place    | Note
-------+----------+-------------------------------------------
     0 | D:1      | Eitelfritz the Demonspawn Brigand began the quest for the
                  | Orb.
     0 | D:1      | Reached XP level 1. HP: 16/16 MP: 1/1
   123 | D:1      | Found a faded altar of an unknown god.
   134 | D:1      | Reached skill level 4 in Stealth
   137 | D:1      | Gained mutation: You sometimes gain a little power by
                  | taking damage. [demonic ancestry]
   137 | D:1      | Reached XP level 2. HP: 19/22 MP: 2/2
   956 | D:1      | Reached skill level 1 in Dodging
  1639 | D:2      | Gained mutation: You have large cloven feet. [demonic
                  | ancestry]
  1639 | D:2      | Reached XP level 3. HP: 19/27 MP: 3/3
  2082 | D:2      | Noticed Jessica
  2085 | D:2      | Killed Jessica
  2086 | D:2      | Gained mutation: Spells you cast may paralyse adjacent
                  | enemies. [demonic ancestry]
  2086 | D:2      | Reached XP level 4. HP: 34/34 MP: 4/4
  2369 | D:2      | Noticed Robin
  2719 | D:2      | Killed Robin
  3233 | D:3      | Found an ancient bone altar of Kikubaaqudgha.
  3413 | D:3      | Reached skill level 1 in Armour
  3436 | D:3      | Gained mutation: You are partially covered in yellow
                  | scales. (AC +2) [demonic ancestry]
  3436 | D:3      | Reached XP level 5. HP: 39/39 MP: 5/5
  3845 | D:3      | Found a glowing drain.
  3850 | Sewer    | Entered a sewer
  4497 | D:3      | Gained mutation: You have hoof-like feet. [demonic
                  | ancestry]
  4497 | D:3      | Reached XP level 6. HP: 46/46 MP: 6/6
  4879 | D:4      | Noticed Eustachio
  4909 | D:4      | Killed Eustachio
  4910 | D:4      | Reached skill level 5 in Stealth
  5880 | D:5      | Entered Level 5 of the Dungeon
  5913 | D:5      | Gained mutation: You are mostly covered in yellow scales.
                  | (AC +3) [demonic ancestry]
  5913 | D:5      | Reached XP level 7. HP: 28/52 MP: 7/7
  6128 | D:5      | Found a shimmering blue altar of Sif Muna.
  6168 | D:5      | Noticed Ijyb
  6175 | D:5      | Killed Ijyb
  6313 | D:5      | Reached skill level 6 in Stealth
  6433 | D:5      | Noticed Blork the orc
  6441 | D:5      | Killed Blork the orc
  6510 | D:5      | Gained mutation: Your presence sometimes corrodes those you
                  | injure. [demonic ancestry]
  6510 | D:5      | Reached XP level 8. HP: 60/60 MP: 8/8
  7186 | D:6      | Reached skill level 5 in Short Blades
  7327 | D:6      | Found a staircase to the Ecumenical Temple.
  7401 | D:6      | Reached skill level 7 in Stealth
  7413 | D:6      | Found a sand-covered staircase.
  7418 | Ossuary  | Entered an ossuary
  7995 | D:6      | Noticed Menkaure
  7998 | D:6      | Killed Menkaure
  7999 | D:6      | Gained mutation: Spells you cast may paralyse nearby
                  | enemies. [demonic ancestry]
  7999 | D:6      | Reached XP level 9. HP: 66/66 MP: 9/9
  8034 | Temple   | Entered the Ecumenical Temple
  8260 | Temple   | Became a worshipper of Dithmenos the Shadowed
  8853 | D:7      | Noticed a two-headed ogre
  9355 | D:7      | Reached skill level 5 in Fighting
  9526 | D:7      | Reached * piety under Dithmenos
  9663 | D:7      | Reached skill level 5 in Dodging
  9664 | D:7      | Killed from afar by an electric eel

Illustrated notes

Levels and vault maps discovered:
D:1:      ldierk_walled_garden_2, layout_basic, shapermc_ecumenical_altar_gd,
          minmay_box_of_dots
D:2:      layout_basic, uniq_jessica, uniq_robin
D:3:      layout_loops_cross, lemuel_zombie_altar_kikubaaqudgha,
          portal_sewer_entry_e, hangedman_decor_clover_reticule,
          kennysheep_big_empty_room
D:4:      layout_gridville, uniq_eustachio
D:5:      layout_basic, nicolae_sif_muna_condensation, uniq_ijyb,
          uniq_blork_the_orc
D:6:      layout_loops_ring, minmay_temple_entry_wispy, enter_ossuary_5,
          minmay_starry_boxes, uniq_menkaure
D:7:      wad_lake_hut, layout_cave_pools, gammafunk_temple_overflow_forgotten
Temple:   minmay_temple_curvy_branch

Skill      XL: |  1  2  3  4  5  6  7  8  9 |
---------------+----------------------------+-----
Stealth        | 4 5 6 7 |  7.7
Dodging        | 1 2 3 4 5 |  5.0
Short Blades   | 2 3 4 6 |  6.7
Armour         | 1 2 3 |  3.8
Fighting       | 3 4 5 |  5.2
Throwing       | |  1.7

Action                   |  1- 3 |  4- 6 |  7- 9 || total
-------------------------+-------+-------+-------++-------
Melee: Dagger            |    86 |   326 |   479 ||   891
       Punch             |     2 |     3 |    11 ||    16
       Kick              |       |    21 |       ||    21
  Use: Scroll            |       |    17 |     6 ||    23
       Potion            |       |     1 |     5 ||     6
 Stab: Sleeping          |     9 |    16 |    21 ||    46
Armor: Robe              |    19 |       |       ||    19
       Leather armour    |       |   174 |   191 ||   365
Dodge: Dodged            |    45 |   199 |   294 ||   538
